cohdb
Replays
Latest Replays
All Replays
Popular Replays
Top Player Replays
Match Explorer
How It Works
Community
CoH3 Stats
Reddit
Sign in to upload your games and track your stats! →
Sign in with Steam
Match 47212381
Unlisted
Match 47212381
Overview
Messages
Build Orders
End
Panzergrenadier Squad
Panzergrenadier Squad
250 Light Carrier
Construct Light Support Kompanie
Combat Half-tracks
2.5-tonne Medical Truck
Selects Panzerjäger Kommand Battlegroup
Selects Mine Fields
Selects Tank Busters
Fire Support Elements
Veteran Squad Leaders
MG34 Team
Selects Defensive Positions
Flakvierling Half-track
BALCK_9
TWAS
Septimum
Seocheon
0
0
Comments
sign in to comment!
No comments posted yet!